 Dungeon Crawl Stone Soup version 0.29.0-4-gdea44cf6ec (webtiles) character file.

Game seed: 10311754928868273755

231 qw the Chopper (level 5, -3/46 HPs)
             Began as a Minotaur Berserker on Sept 4, 2022.
             Was a Believer of Trog.
             Killed by an exploding adder (27 damage)
             ... ignited by their inner flame
             ... on level 3 of the Dungeon.
             The game lasted 00:01:14 (2900 turns).

qw the Chopper (Minotaur Berserker)                 Turns: 2900, Time: 00:01:15

Health: -3/46      AC: 14    Str: 24    XL:     5   Next: 72%
Magic:  4/4        EV:  7    Int:  4    God:    Trog [**....]
Gold:   186        SH:  5    Dex:  9    Spells: 4/4 levels left

rFire   . . .      SeeInvis .   Y - +0 war axe
rCold   . . .      Faith    .   (no shield)
rNeg    . . .      Spirit   .   d - +0 plate armour
rPois   .          Reflect  +   (helmet restricted)
rElec   .          Harm     .   (no cloak)
rCorr   .          Rampage  .   (no gloves)
Will    .....                   h - +2 pair of boots
Stlth   ..........              f - amulet of reflection
HPRegen 0.15/turn               (no ring)
MPRegen 0.09/turn               (no ring)

@: no status effects
A: horns 2, retaliatory headbutt
a: Renounce Religion, Berserk, Trog's Hand


You were on level 3 of the Dungeon.
You worshipped Trog.
Trog was pleased with you.
You visited 1 branch of the dungeon, and saw 3 of its levels.

You collected 186 gold pieces.


Innate Abilities, Weirdness & Mutations

You have a pair of horns on your head.
You reflexively headbutt those who attack you in melee.


   Skills:
 - Level 4.1 Fighting
 - Level 7.6 Axes
 + Level 2.4 Armour
 - Level 2.1 Dodging


You had 4 spell levels left.
You didn't know any spells.
Your spell library was empty.

Inventory:

Hand Weapons
 m - a +0 flail
 Y - a +0 war axe (weapon)
Missiles
 n - 2 boomerangs (quivered)
Armour
 d - a +0 plate armour (worn)
 h - a +2 pair of boots (worn)
Jewellery
 f - an amulet of reflection (around neck)
Scrolls
 a - 5 scrolls of identify
 l - a scroll of summoning
Potions
 j - 3 potions of might

Dungeon Overview and Level Annotations

Branches:
Dungeon (3/15)

Altars:
Okawaru
Yredelemnul


Message History

You continue taking off your amulet of guardian spirit. x4
You finish taking off your amulet of guardian spirit.
You start putting on your amulet.
You continue putting on your amulet of reflection. x5
You finish putting on your amulet of reflection.
You feel a shielding aura gather around you.
f - an amulet of reflection (around neck) Done exploring.
2896 ||| DROPPING amulet of guardian spirit.
You drop an amulet of guardian spirit.
Done exploring.
2897 ||| READING 2 scrolls labelled LODAAH NIONKEU.
As you read the scroll labelled LODAAH NIONKEU, it crumbles to dust.
Wisps of shadow whirl around you...
It was a scroll of summoning.
Done exploring.
2898 ||| READING scroll labelled GERARE TUTO.
As you read the scroll labelled GERARE TUTO, it crumbles to dust.
You assume a fearsome visage.
Nothing appears to happen.
It was a scroll of fear.
Done exploring.
2899 ||| READING scroll labelled TAL NILISEA.
As you read the scroll labelled TAL NILISEA, it crumbles to dust.
The creatures around you are filled with an inner flame!
It was a scroll of immolation.
Done exploring.
2900 ||| READING scroll labelled AMAREM BAMOTZ.
As you read the scroll labelled AMAREM BAMOTZ, it crumbles to dust.
Your body is wracked with pain!
Your giant cockroach convulses!
Flame seeps out of your giant cockroach.
Your adder convulses!
Flame seeps out of your adder.
It was a scroll of torment.
Your adder is engulfed in blazing flames.
Your adder's corpse dissolves into shadows!
Your adder explodes!
The fiery explosion engulfs your giant cockroach!!
Your giant cockroach's corpse dissolves into shadows!
The fiery explosion engulfs you!!
Ouch! That really hurt!
You die...

######...
#.)......
#.###....
##########.###.##)
#...........##.##.
#.###........#...>
#.# #........#####
##0###........# #
#0@ยค..........# #
######)##########
# #.####.....# #
#....#.###(# #
##.......#.# #
#.#.#####.# #
#....#)...# #
####..%<#.####
#..#........#


There were no monsters in sight!

Vanquished Creatures
  An orc priest (D:3)
  3 orc wizards (D:3)
  3 adders
  4 worms
  7 orcs (D:3)
  7 ball pythons
  7 bats
  7 endoplasms
  4 giant cockroaches
  6 goblins
  11 hobgoblins
  3 jackals (D:1)
  6 quokkas
  A frilled lizard (D:1)
  2 kobolds
  5 rats
77 creatures vanquished.

Notes
Turn   | Place    | Note
-------+----------+-------------------------------------------
     0 | D:1      | qw the Minotaur Berserker began the quest for the Orb.
     0 | D:1      | Reached XP level 1. HP: 19/19 MP: 0/0
     0 | D:1      | 0 ||| qw: Version: 0.1-a-103-gd6f5d3a
     0 | D:1      | 0 ||| qw: Game counter: 5758
     0 | D:1      | 0 ||| qw: Always use a shield: true
     0 | D:1      | 0 ||| qw: Do Orc after D:15 true
     0 | D:1      | 0 ||| qw: Do second Lair branch before Depths: true
     0 | D:1      | 0 ||| qw: Lair rune preference: random
     0 | D:1      | 0 ||| qw: Plans: Normal
     0 | D:1      | 0 ||| PLANNING D:1-11
    67 | D:1      | Reached skill level 4 in Axes
   186 | D:1      | Reached XP level 2. HP: 26/26 MP: 1/1
   310 | D:1      | 310 ||| Stepping ~*~*~tactically~*~*~ (stealth).
   316 | D:1      | 316 ||| Stepping ~*~*~tactically~*~*~ (stealth).
   591 | D:1      | 591 ||| Stepping ~*~*~tactically~*~*~ (stealth).
   772 | D:1      | Reached skill level 5 in Axes
   828 | D:1      | 828 ||| Stepping ~*~*~tactically~*~*~ (stealth).
   957 | D:1      | Reached ** piety under Trog
   958 | D:1      | Reached XP level 3. HP: 31/31 MP: 2/2
  1007 | D:1      | 1007 ||| UPGRADING to +2 pair of boots.
  1012 | D:1      | 1012 ||| UPGRADING to amulet of guardian spirit.
  1017 | D:1      | 1017 ||| READING 5 scrolls labelled WORUAC RYD.
  1018 | D:1      | 1018 ||| READING 2 scrolls labelled XUOBAB HAFEUMM.
  1021 | D:1      | 1021 ||| READING scroll labelled REOSTI ZIWK.
  1022 | D:1      | 1022 ||| DRINKING 2 cyan potions.
  1023 | D:1      | 1023 ||| READING 4 scrolls of identify.
  1023 | D:1      | 1023 ||| IDENTIFYING brown potion
  1024 | D:1      | 1024 ||| DROPPING potion of degeneration.
  1101 | D:2      | 1101 ||| INVOKING Berserk.
  1177 | D:2      | 1177 ||| INVOKING Berserk.
  1227 | D:2      | 1227 ||| Stepping ~*~*~tactically~*~*~ (stealth).
  1574 | D:2      | Reached skill level 6 in Axes
  1574 | D:2      | Reached XP level 4. HP: 39/39 MP: 3/3
  1588 | D:2      | 1588 ||| Stepping ~*~*~tactically~*~*~ (stealth).
  1840 | D:2      | 1840 ||| UPGRADING to +0 scale mail.
  1850 | D:2      | 1850 ||| DROPPING +0 animal skin.
  1851 | D:2      | 1851 ||| READING scroll labelled MIDEUPA VAFYRPH.
  1852 | D:2      | 1852 ||| READING scroll labelled FIEMAO SOFIEWN.
  1944 | D:3      | Found a basalt altar of Yredelemnul.
  1957 | D:3      | Found an iron altar of Okawaru.
  2028 | D:3      | Found a faded altar of an unknown god.
  2141 | D:3      | 2141 ||| Stepping ~*~*~tactically~*~*~ (stealth).
  2148 | D:3      | 2148 ||| INVOKING Berserk.
  2156 | D:3      | Reached skill level 7 in Axes
  2156 | D:3      | Reached XP level 5. HP: 45/45 MP: 4/4
  2173 | D:3      | HP: 11/45 [something/puff of flame (3)]
  2175 | D:3      | 2175 ||| READING scroll of teleportation.
  2353 | D:3      | 2353 ||| FLEEEEING.
  2354 | D:3      | 2354 ||| FLEEEEING.
  2355 | D:3      | 2355 ||| FLEEEEING.
  2356 | D:3      | 2356 ||| FLEEEEING.
  2357 | D:3      | 2357 ||| FLEEEEING.
  2358 | D:3      | 2358 ||| FLEEEEING.
  2359 | D:3      | 2359 ||| FLEEEEING.
  2360 | D:3      | 2360 ||| FLEEEEING.
  2361 | D:3      | 2361 ||| Stepping ~*~*~tactically~*~*~ (hiding).
  2367 | D:3      | 2367 ||| INVOKING Berserk.
  2536 | D:3      | 2536 ||| SWAPPING to +0 hand axe of electrocution.
  2537 | D:3      | 2537 ||| DROPPING +0 hand axe.
  2548 | D:3      | 2548 ||| SWAPPING to +0 war axe.
  2549 | D:3      | 2549 ||| DROPPING +0 hand axe of electrocution.
  2552 | D:3      | 2552 ||| Stepping ~*~*~tactically~*~*~ (stealth).
  2556 | D:3      | 2556 ||| Stepping ~*~*~tactically~*~*~ (stealth).
  2638 | D:3      | 2638 ||| Stepping ~*~*~tactically~*~*~ (stealth).
  2643 | D:3      | 2643 ||| INVOKING Berserk.
  2762 | D:3      | 2762 ||| DROPPING +0 mace.
  2864 | D:3      | 2864 ||| UPGRADING to +0 chain mail.
  2874 | D:3      | 2874 ||| DROPPING +0 scale mail.
  2875 | D:3      | 2875 ||| UPGRADING to +0 plate armour.
  2885 | D:3      | 2885 ||| DROPPING +0 chain mail.
  2886 | D:3      | 2886 ||| UPGRADING to amulet of reflection.
  2896 | D:3      | 2896 ||| DROPPING amulet of guardian spirit.
  2897 | D:3      | 2897 ||| READING 2 scrolls labelled LODAAH NIONKEU.
  2898 | D:3      | 2898 ||| READING scroll labelled GERARE TUTO.
  2899 | D:3      | 2899 ||| READING scroll labelled TAL NILISEA.
  2900 | D:3      | 2900 ||| READING scroll labelled AMAREM BAMOTZ.
  2900 | D:3      | Killed by an exploding adder... ignited by their inner
                  | flame

Levels and vault maps discovered:
D:1:      dpeg_arrival_arbitrary_b, layout_basic
D:2:      layout_rooms
D:3:      layout_basic, amethyst_overflow_temple_binary, basic_ecumenical_altar

Skill      XL: |  1  2  3  4  5 |
---------------+----------------+-----
Axes           | 4 5 6 7 |  7.6
Fighting       | 4 |  4.1
Armour         | |  2.4
Dodging        | |  2.1

Action                   |  1- 3 |  4- 6 || total
-------------------------+-------+-------++-------
Melee: Hand axe          |    97 |    74 ||   171
       Headbutt          |    17 |    16 ||    33
       War axe           |       |    11 ||    11
Throw: Boomerang         |       |     3 ||     3
Invok: Berserk           |     2 |     3 ||     5
  Use: Scroll            |     4 |     7 ||    11
       Potion            |     1 |       ||     1
Armor: Animal skin       |    13 |     5 ||    18
       Scale mail        |       |    32 ||    32
Dodge: Dodged            |    41 |    35 ||    76

Table legend:
 A = Non-vault XP
 B = Vault XP
 C = Vault XP percentage of total XP
 D = Non-vault monster count
 E = Vault monster count
 F = Vault count percentage of total count
                 A         B        C        D         E       F
            +---------+---------+-------+---------+---------+-------
      Total |     330 |       0 |   0.0 |      77 |       0 |   0.0
            +---------+---------+-------+---------+---------+-------
        D:1 |      45 |       0 |   0.0 |      25 |       0 |   0.0
        D:2 |      72 |       0 |   0.0 |      22 |       0 |   0.0
        D:3 |     213 |       0 |   0.0 |      30 |       0 |   0.0
            +---------+---------+-------+---------+---------+-------
